 Dungeon Crawl Stone Soup version 0.23.2-30-g0e89c35 (webtiles) character file.

Game seed: 13589217486359567184

8349 Fang the Fighter (level 11, 0/72 HPs)
             Began as a Gargoyle Berserker on June 13, 2019.
             Was a High Priest of Trog.
             Killed from afar by Nergalle (9 damage)
             ... with a bolt of negative energy
             ... on level 11 of the Dungeon on June 14, 2019.
             The game lasted 00:13:25 (10101 turns).

Fang the Fighter (Gargoyle Berserker)              Turns: 10101, Time: 00:13:25

Health: 0/72       AC: 22    Str: 23    XL:     11   Next: 29%
Magic:  11/11      EV:  9    Int:  9    God:    Trog [*****.]
Gold:   594        SH:  0    Dex:  9    Spells: 10/10 levels left

rFire    + . .     SeeInvis .   a - +2 war axe
rCold    . . .     Gourm    .   (no shield)
rNeg     + . .     Faith    .   b - +1 plate armour
rPois    ∞         Spirit   .   (no helmet)
rElec    +         Reflect  .   (no cloak)
rCorr    .         Harm     .   (no gloves)
MR       +....                  (no boots)
Stlth    ..........             (no amulet)
HPRegen  0.22/turn              r - ring of protection from magic
MPRegen  0.12/turn              l - ring of protection from fire

@: berserk cooldown, slowed, drained, very slow
A: negative energy resistance 1, electricity resistance, unbreathing,
petrification resistance, rot immunity, AC +8
a: Berserk, Trog's Hand, Brothers in Arms, Renounce Religion


You were on level 11 of the Dungeon.
You worshipped Trog.
Trog was extremely pleased with you.
You were hungry.

You visited 2 branches of the dungeon, and saw 12 of its levels.

You collected 594 gold pieces.

Inventory:

Hand Weapons
 a - a +2 war axe (weapon)
Armour
 b - a +1 plate armour (worn)
Jewellery
 l - a ring of protection from fire (right hand)
 r - a ring of protection from magic (left hand)
 x - an uncursed ring of protection from cold
 A - an uncursed ring of stealth
Wands
 f - a wand of disintegration (13)
 i - a wand of enslavement (4)
 p - a wand of paralysis (3)
 t - a wand of iceblast (26)
 v - a wand of random effects (22)
 y - a wand of polymorph (16)
 z - a wand of clouds (5)
 D - a wand of flame (15)
Scrolls
 e - 2 scrolls of teleportation
 m - 7 scrolls of magic mapping
 q - 4 scrolls of remove curse
 s - a scroll of fog
 C - a scroll of fear
Potions
 d - a potion of berserk rage
 g - 2 potions of flight {unknown}
 h - 3 potions of heal wounds {unknown}
 j - a potion of mutation {unknown}
 k - 2 potions of curing
 n - a potion of invisibility {unknown}
 o - 3 potions of haste
 w - a potion of degeneration {unknown}
 B - a potion of resistance
Comestibles
 c - 18 rations
 u - a chunk of flesh


   Skills:
 + Level 10.0(8.7) Fighting
 + Level 8.4(7.2) Axes
 + Level 9.8(8.5) Armour
 + Level 7.4(6.3) Dodging


You had 10 spell levels left.
You didn't know any spells.
Your spell library was empty.

Dungeon Overview and Level Annotations

Branches:
Dungeon (11/15)            Temple (1/1) D:6            Lair (0/6) D:8
    Orc: D:9-12

Altars:
Ashenzari
Dithmenos
Gozag
Nemelex Xobeh
Sif Muna
Trog
Uskayaw
Wu Jian
Xom
Yredelemnul

Shops:
D:7 *   D:11 ?*

Annotations:
D:11 Nergalle


Innate Abilities, Weirdness & Mutations

You are resistant to torment.
Your stone body is resilient. (AC +8)
You are immune to poison.
You resist negative energy. (rN+)
You are resistant to electric shocks. (rElec)
You can survive without breathing.
You are immune to petrification.
You are immune to rotting.


Message History

Nergalle is almost dead.
You hit the spectral orc warrior.
You destroy the spectral orc warrior!
Nergalle hits you but does no damage.
Nergalle gestures at you while chanting.
The bolt of negative energy hits you. You partially resist.
You feel drained.
* * * LOW HITPOINT WARNING * * *
You closely miss Nergalle.
Nergalle is almost dead.
Nergalle hits you but does no damage.
You hit Nergalle.
Nergalle is almost dead.
Nergalle closely misses you. Nergalle misses you.
You closely miss Nergalle.
Nergalle is almost dead.
You hear the faint crackling of a very distant melting archway.
Nergalle hits you but does no damage.
Nergalle points at you and mumbles some strange words.
The bolt of negative energy hits you! You partially resist.
You feel drained.
You die...

##...## #.....# ..♣
♣.♣. #.....# ...
#.∩.. #....## #.♣
♣(♣.♣ #...##
#..#.#.# #..## ###
#.♣.♣.♣
##..###.###..∩.#
#...#...##)♣.♣.♣.♣.
##.......#.@o......
##........######...
#.....(.....#
##...........##
#..÷..........##
#..............##.
#.................
#................#
#................#


You could see Nergalle.

Vanquished Creatures
  Erolcha (D:8)
  A two-headed ogre (D:10)
  An unseen horror (D:8)
  A deep elf mage (D:10)
  Maurice (D:8)
  2 hippogriffs
  A queen bee (D:8)
  A shadow (D:11)
  Edmund (D:6)
  A soldier ant (D:10)
  A water moccasin (D:5)
  Duvessa (D:6)
  6 orc warriors
  3 sky beasts
  An ice beast (D:8)
  2 necrophages
  2 phantoms
  3 ogres
  A centaur (D:9)
  A big kobold (D:7)
  6 bullfrogs
  A gnoll sergeant (D:9)
  Dowan (D:6)
  18 killer bees
  3 howler monkeys
  2 crimson imps (D:10)
  4 orc priests
  2 centaur skeletons (D:9)
  3 jellies
  A bullfrog skeleton (D:4)
  A gnoll shaman (D:4)
  3 hounds
  10 orc wizards
  6 worker ants
  2 hound skeletons
  A howler monkey zombie (D:8)
  22 gnolls
  A howler monkey skeleton (D:9)
  11 adders
  A shadow imp (D:9)
  4 oozes
  An adder zombie (D:7)
  An adder skeleton (D:4)
  4 worms
  4 dart slugs
  4 leopard geckos
  49 orcs
  2 ball pythons (D:2)
  9 bats
  6 giant cockroaches
  8 goblins
  6 hobgoblins
  8 jackals
  2 quokkas
  7 frilled lizards
  A giant cockroach zombie (D:5)
  17 kobolds
  A leopard gecko skeleton (D:6)
  A quokka skeleton (D:2)
  A quokka zombie (D:8)
  11 rats
  A spectral orc (D:9)
279 creatures vanquished.

Vanquished Creatures (collateral kills)
  5 killer bees (D:7)
5 creatures vanquished.

Grand Total: 284 creatures vanquished

Notes
Turn   | Place    | Note
-------+----------+-------------------------------------------
     0 | D:1      | Fang the Gargoyle Berserker began the quest for the Orb.
     0 | D:1      | Reached XP level 1. HP: 14/14 MP: 1/1
   183 | D:1      | Reached XP level 2. HP: 19/19 MP: 2/2
   673 | D:2      | Reached XP level 3. HP: 22/23 MP: 3/3
   676 | D:2      | You fall through a shaft!
   772 | D:3      | Reached ** piety under Trog
   776 | D:3      | Reached XP level 4. HP: 29/29 MP: 4/4
   947 | D:3      | Reached skill level 4 in Fighting
  1184 | D:3      | Reached XP level 5. HP: 33/33 MP: 5/5
  1530 | D:2      | Reached *** piety under Trog
  2030 | D:2      | Reached XP level 6. HP: 36/39 MP: 6/6
  2135 | D:2      | Found a shattered altar of Ashenzari.
  2657 | D:4      | Reached **** piety under Trog
  2657 | D:4      | Reached XP level 7. HP: 40/44 MP: 7/7
  2738 | D:4      | Reached skill level 5 in Fighting
  2946 | D:4      | Found a deep blue altar of Sif Muna.
  3021 | D:5      | Entered Level 5 of the Dungeon
  3068 | D:5      | Found a shimmering altar of Xom.
  3353 | D:5      | Reached skill level 5 in Armour
  3518 | D:5      | Found an ornate altar of the Wu Jian Council.
  3589 | D:6      | Received a gift from Trog
  3600 | D:6      | Reached XP level 8. HP: 31/51 MP: 8/8
  3828 | D:6      | Found an opulent altar of Gozag.
  3845 | D:6      | Found a hide-covered altar of Uskayaw.
  3845 | D:6      | Noticed a +0 hand axe
  3845 | D:6      | Noticed a +0 dagger
  3855 | D:6      | Found a staircase to the Ecumenical Temple.
  3865 | Temple   | Entered the Ecumenical Temple
  3952 | D:6      | Noticed Duvessa
  3952 | D:6      | Noticed Dowan
  3954 | D:6      | Noticed Edmund
  3963 | D:6      | Killed Dowan
  3963 | D:6      | Reached skill level 6 in Fighting
  3963 | D:6      | Reached skill level 5 in Axes
  3975 | D:6      | Killed Duvessa
  3977 | D:6      | Killed Edmund
  5108 | D:7      | Found Tist's Assorted Antiques.
  5231 | D:7      | Reached XP level 9. HP: 56/56 MP: 9/9
  5292 | D:7      | Found a bloodstained altar of Trog.
  5505 | D:7      | Reached skill level 7 in Fighting
  5505 | D:7      | Reached skill level 5 in Dodging
  6003 | D:8      | Noticed a queen bee
  6022 | D:8      | Killed a queen bee
  6194 | D:8      | Reached ***** piety under Trog
  6209 | D:8      | Reached skill level 8 in Fighting
  6526 | D:8      | Reached XP level 10. HP: 64/64 MP: 10/10
  7387 | D:8      | Found a staircase to the Lair.
  7410 | D:8      | Killed an unseen horror
  7858 | D:9      | Noticed Erolcha
  7890 | D:9      | Reached skill level 9 in Fighting
  7890 | D:9      | Noticed Maurice
  7972 | D:8      | HP: 1/66 [Erolcha/crystal spear (13)]
  7973 | D:8      | Killed Erolcha
  8447 | D:8      | Killed Maurice
  8580 | D:9      | Found a basalt altar of Yredelemnul.
  8722 | D:9      | Found a shadowy altar of Dithmenos.
  8962 | D:10     | Entered Level 10 of the Dungeon
  9034 | D:10     | Noticed a two-headed ogre
  9043 | D:10     | Reached XP level 11. HP: 48/71 MP: 11/11
  9048 | D:10     | Killed a two-headed ogre
  9273 | D:10     | Noticed a deep elf mage
  9282 | D:10     | Killed a deep elf mage
 10071 | D:11     | Noticed Nergalle
 10084 | D:11     | Reached skill level 10 in Fighting
 10085 | D:11     | Found Tehureis's Magic Scroll Emporium.
 10085 | D:11     | Found Kisaass's General Store.
 10101 | D:11     | Killed from afar by Nergalle

Skill      XL: |  1  2  3  4  5  6  7  8  9 10 11 |
---------------+----------------------------------+-----
Dodging        | 2 3 4 5 7 |  7.4
Axes           | 3 4 5 6 8 |  8.4
Armour         | 3 4 5 6 7 9 |  9.8
Fighting       | 4 5 6 8 9 10 | 10.0

Action                   |  1- 3 |  4- 6 |  7- 9 | 10-12 || total
-------------------------+-------+-------+-------+-------++-------
Melee: Hand axe          |    67 |       |       |       ||    67
       War axe           |       |   244 |   437 |   350 ||  1031
Invok: Berserk           |     1 |     2 |     9 |     6 ||    18
       Trog's Hand       |       |       |     2 |     1 ||     3
       Brothers in Arms  |       |       |     1 |       ||     1
  Use: Scroll            |       |       |    11 |     8 ||    19
  Eat: Chunk             |       |     9 |    15 |    14 ||    38
       Ration            |       |       |     2 |     1 ||     3
Armor: Animal skin       |    23 |       |       |       ||    23
       Chain mail        |       |   169 |       |       ||   169
       Plate armour      |       |    39 |   675 |   339 ||  1053
Dodge: Dodged            |    36 |   130 |   390 |   205 ||   761
